 Dungeon Crawl Stone Soup version 0.31.0-11-ge490571c62 (webtiles) character file.

Game seed: 17118403150191150249

84 Crownlay the Trooper (level 4, -1/38 HPs)
             Began as a Djinni Monk on Jan 29, 2024.
             Slain by a gnoll
             ... wielding a +0 halberd
              (2 damage)
             ... on level 2 of the Dungeon.
             The game lasted 00:02:40 (1573 turns).

Crownlay the Trooper (Djinni Monk)                  Turns: 1573, Time: 00:02:40

Health: -1/38      AC:  2    Str: 10    XL:     4   Next: 72%
Gold:   35         EV: 13    Int: 14    God:
                   SH:  0    Dex: 15

rFire   + + .        l - +2 short sword (protect)
rCold   x . .        d - orb {light}
rNeg    . . .        b - +0 robe
rPois   ∞            (no helmet)
rElec   .            (no cloak)
rCorr   .            (no gloves)
SInv    .            (boots unavailable)
Will    .....        (no amulet)
Stlth   +            (no ring)
HPRegen 0.26/turn    (no ring)
MPRegen 0.00/turn

%: infuse magic (-2 HP)
@: flying, glowing
A: sickness immunity, fire resistance 2, cold vulnerability 1, float, innate
caster, HP casting, extra vitality 1
a: no special abilities


You were on level 2 of the Dungeon.
You visited 1 branch of the dungeon, and saw 2 of its levels.

You collected 35 gold pieces.

Inventory:

Hand Weapons
 f - a +0 mace of holy wrath
 l - a +2 short sword of protection (weapon)
Armour
 b - a +0 robe (worn)
 d - an orb of light (worn)
Scrolls
 g - 2 scrolls of blinking {unknown}
 h - a scroll of identify {unknown}
 i - a scroll of revelation {unknown}
 j - a scroll of teleportation {unknown}
Potions
 a - a potion of cancellation {unknown}
 c - a potion of ambrosia
 e - 2 potions of might {unknown}
 k - a potion of curing {unknown}


   Skills:
 * Level 4.5 Fighting
 - Level 2.6 Short Blades
 - Level 3.2 Dodging
 + Level 1.5 Spellcasting
 + Level 1.5 Conjurations
 + Level 1.5 Hexes
   Level 0.0 Charms
 + Level 1.5 Summonings
 + Level 1.5 Necromancy
 + Level 1.5 Translocations
   Level 0.0 Transmutations
 + Level 1.5 Fire Magic
 + Level 1.5 Ice Magic
 + Level 1.5 Air Magic
 + Level 1.5 Earth Magic
 + Level 1.5 Alchemy


You knew the following spells:

 Your Spells              Type           Power      Damage    Failure   Level
a - Foxfire               Conj/Fire      20%        2x1d5     14%         1
Your spell library was empty.

Dungeon Overview and Level Annotations

Branches:
Dungeon (2/15)

Altars:
Xom


Innate Abilities, Weirdness & Mutations

You are immune to sickness and miasma.
You are immune to poison.
Your flesh is very heat resistant. (rF++)
You are vulnerable to cold. (rC-)
You float through the air rather than walking.
You learn spells naturally, not from books.
Your magical power is your life essence.
You have superior vitality. (+4 MHP)


Message History

You fly upwards.
There is a stone staircase leading down, spattered with blood here.
You see here a +0 flail.
Your magical contamination has completely faded away.
HP restored.
Done exploring.
You fly downwards.
The goblin misses you.
There is a stone staircase leading up here.
You conjure some foxfire!
The goblin misses you.
You conjure some foxfire!
The foxfire hits the goblin.
The goblin is severely wounded.
The foxfire hits the goblin.
You kill the goblin!
The gnoll closely misses you.
You conjure some foxfire!
The foxfire hits the gnoll.
The gnoll is lightly wounded.
The foxfire hits the gnoll but does no damage.
The gnoll is lightly wounded.
The gnoll hits you from afar with a +0 halberd!
You conjure some foxfire!
The foxfire hits the gnoll.
The gnoll is heavily wounded.
The gnoll barely misses you.
You conjure some foxfire!
The foxfire hits the gnoll.
The gnoll is severely wounded.
The foxfire hits the gnoll.
The gnoll is severely wounded.
The foxfire hits the gnoll but does no damage.
The gnoll is severely wounded.
The gnoll hits you from afar with a +0 halberd!
Your foxfire dissipates!
The foxfire hits the gnoll but does no damage.
The gnoll is severely wounded.
The gnoll hits you with a +0 halberd!
* * * LOW HITPOINT WARNING * * *
Things that are here:
a +2 dagger of venom; a +0 dagger; a goblin skeleton The gnoll closely misses you.
There is a stone staircase leading up here.
The gnoll hits you from afar with a +0 halberd.
You die...

#...# #####).# #.# #......# ...
#......# ..# #......# ..# ##
#.....<##########..##..
#.....>.........))....# ...
.............#.........## ...#
.#.............#@.g...?.. #..#
....####.....#§#).......###...##.
..## #........g................
.. ###...###................#.#
####...........................
....................$#.........
...........##.#######....†.....
..........>##.# #..........
...........##.# #..†.......


You could see 2 gnolls.

Vanquished Creatures
  A gnoll (D:1)
  2 adders (D:2)
  2 dart slugs
  2 endoplasms
  6 giant cockroaches
  4 hobgoblins
  4 jackals (D:2)
  A kobold (D:1)
  3 quokkas
  2 ball pythons
  5 bats
  A frilled lizard (D:1)
  10 goblins
  2 rats
45 creatures vanquished.

Vanquished Creatures (others)
  135 foxfires
135 creatures vanquished.

Grand Total: 180 creatures vanquished

Notes
Turn   | Place    | Note
-------+----------+-------------------------------------------
     0 | D:1      | Crownlay the Djinni Monk began the quest for the Orb.
     0 | D:1      | Reached XP level 1. HP: 20/20 MP: 0/0
    63 | D:1      | Reached XP level 2. HP: 25/25 MP: 0/0
   392 | D:1      | Reached XP level 3. HP: 19/30 MP: 0/0
   392 | D:1      | Learned a level 1 spell: Foxfire
   536 | D:2      | Reached skill level 1 in Spellcasting
   536 | D:2      | Reached skill level 1 in Conjurations
   536 | D:2      | Reached skill level 1 in Hexes
   536 | D:2      | Reached skill level 1 in Summonings
   536 | D:2      | Reached skill level 1 in Necromancy
   536 | D:2      | Reached skill level 1 in Translocations
   536 | D:2      | Reached skill level 1 in Fire Magic
   536 | D:2      | Reached skill level 1 in Ice Magic
   536 | D:2      | Reached skill level 1 in Air Magic
   536 | D:2      | Reached skill level 1 in Earth Magic
   536 | D:2      | Reached skill level 1 in Alchemy
   604 | D:2      | Found a shimmering altar of Xom.
   660 | D:2      | Reached skill level 4 in Fighting
   672 | D:2      | Reached XP level 4. HP: 19/37 MP: 0/0
  1237 | D:2      | HP: 1/38 [gnoll/+0 halberd (16)]
  1571 | D:2      | HP: 1/38 [gnoll/+0 halberd (16)]
  1573 | D:2      | Slain by a gnoll

Illustrated notes

Levels and vault maps discovered:
D:1:      amcnicky_arrival_blooded_trapdoor, layout_rooms, st_stairs_1,
          minmay_worlds_worst_comb
D:2:      kennysheep_the_goblin_king, layout_rooms, basic_altar

Skill      XL: |  1  2  3 |
---------------+----------+-----
Spellcasting   | 1 |  1.5
Conjurations   | 1 |  1.5
Hexes          | 1 |  1.5
Summonings     | 1 |  1.5
Necromancy     | 1 |  1.5
Translocations | 1 |  1.5
Fire Magic     | 1 |  1.5
Ice Magic      | 1 |  1.5
Air Magic      | 1 |  1.5
Earth Magic    | 1 |  1.5
Alchemy        | 1 |  1.5
Fighting       | 4 |  4.5
Short Blades   | |  2.6
Dodging        | |  3.2

Action                     |  1- 3 |  4- 6 || total
---------------------------+-------+-------++-------
  Melee: Short sword       |    30 |    19 ||    49
         Mace              |    30 |       ||    30
   Cast: Foxfire           |    37 |    38 ||    75
 Armour: Robe              |    32 |    35 ||    67
  Dodge: Dodged            |    67 |    49 ||   116
